 Dungeon Crawl Stone Soup version 0.28-a0-1429-gf3d713df7a (webtiles) character file.

Game seed: 8205141688157480775

149 HallandMoats the Skirmisher (level 5, 0/46 HPs)
             Began as a Ghoul Fighter on Jan 8, 2022.
             Slain by a phantom (1 damage)
             ... on level 3 of the Dungeon.
             The game lasted 00:03:15 (2650 turns).

HallandMoats the Skirmisher (Ghoul Fighter)         Turns: 2650, Time: 00:03:16

Health: 0/46       AC:  9    Str: 20    XL:     5   Next: 31%
Magic:  4/4        EV:  9    Int:  5    God:
Gold:   105        SH:  4    Dex:  8    Spells: 4/4 levels left

rFire   . . .      SeeInvis .   a - +0 flail
rCold   + . .      Faith    .   c - +0 buckler
rNeg    + + +      Spirit   .   b - +0 scale mail
rPois   ∞          Reflect  .   k - +0 helmet
rElec   .          Harm     .   (no cloak)
rCorr   .          Rampage  .   (no gloves)
Will    .....                   i - +0 pair of boots
Stlth   ..........              (no amulet)
HPRegen 0.00/turn               (no ring)
MPRegen 0.09/turn               (no ring)

@: mighty, inhibited regen
A: claws 1, cold resistance 1, negative energy resistance 3, inhibited
regeneration, torment resistance 2
a: no special abilities


You were on level 3 of the Dungeon.
You visited 1 branch of the dungeon, and saw 3 of its levels.

You collected 105 gold pieces.

Inventory:

Hand Weapons
 a - a +0 flail (weapon)
Armour
 b - a +0 scale mail (worn)
 c - a +0 buckler (worn)
 i - a +0 pair of boots (worn)
 k - a +0 helmet (worn)
Scrolls
 f - a scroll of amnesia {unknown}
 g - a scroll of enchant weapon {unknown}
 h - 3 scrolls of identify {unknown}
 j - a scroll of fear {unknown}
 n - a scroll of vulnerability {unknown}
 o - a scroll of noise {unknown}
 q - a scroll of blinking {unknown}
Potions
 d - a potion of might
 e - 2 potions of heal wounds {unknown}
 l - a potion of resistance {unknown}
 m - 2 potions of degeneration {unknown}
 p - 2 potions of curing {unknown}


   Skills:
 + Level 4.0 Fighting
 + Level 2.5 Maces & Flails
 + Level 3.1 Armour
 + Level 1.5 Dodging
 * Level 3.8 Shields


You had 4 spell levels left.
You didn't know any spells.
Your spell library was empty.

Dungeon Overview and Level Annotations

Branches:
Dungeon (3/15)

Altars:
Xom


Innate Abilities, Weirdness & Mutations

You thrive by killing the living.
You are immune to poison.
You have sharp fingernails.
Your flesh is cold resistant. (rC+)
You are immune to negative energy. (rN+++)
You do not regenerate when monsters are visible.
You are immune to unholy pain and torment.


Message History

You are too injured to fight recklessly!
The phantom hits you.
* * * LOW HITPOINT WARNING * * *
The phantom blinks!
You blink.
You closely miss the phantom.
The phantom is almost destroyed.
The phantom hits you.
* * * LOW HITPOINT WARNING * * *
The phantom blinks!
You blink.
The phantom completely misses you.
You miss the phantom.
The phantom is almost destroyed.
The phantom misses you.
You closely miss the phantom.
The phantom is almost destroyed.
The phantom barely misses you.
You closely miss the phantom.
The phantom is almost destroyed.
The phantom hits you but does no damage.
The phantom hits you.
* * * LOW HITPOINT WARNING * * *
You miss the phantom.
The phantom is almost destroyed.
You block the phantom's attack.
You barely miss the phantom.
The phantom is almost destroyed.
The phantom hits you but does no damage.
You hit the phantom.
The phantom is almost destroyed.
The phantom hits you.
* * * LOW HITPOINT WARNING * * *
The phantom closely misses you.
You closely miss the phantom.
The phantom is almost destroyed.
The phantom hits you.
* * * LOW HITPOINT WARNING * * *
The phantom blinks!
You blink.
The phantom hits you but does no damage.
You feel very mighty all of a sudden. The phantom hits you.
You die...

########## #... ...#
##.## #.##########
####...#####..........#
#.....W......########.#
#.##..@#####.##........
# ##.## #.##.#####.#
#.# #.# #.# #.#
#.##.#####.# #.#
#.##........ #.#
#.##.###...# #.# #.##.#
#.#.# #.. #. #.# #...#
###.# #.##.# ##.##


You could see a phantom.

Vanquished Creatures
  Robin (D:1)
  4 gnolls (D:2)
  3 adders
  A dart slug (D:2)
  2 orcs (D:3)
  5 bats (D:1)
  7 endoplasms
  2 giant cockroaches
  11 goblins
  6 hobgoblins
  4 kobolds
  5 quokkas (D:1)
  3 ball pythons
  2 frilled lizards
  11 rats
67 creatures vanquished.

Notes
Turn   | Place    | Note
-------+----------+-------------------------------------------
     0 | D:1      | HallandMoats the Ghoul Fighter began the quest for the Orb.
     0 | D:1      | Reached XP level 1. HP: 19/19 MP: 0/0
   149 | D:1      | Reached XP level 2. HP: 26/26 MP: 1/1
   631 | D:1      | Reached XP level 3. HP: 31/31 MP: 2/2
   644 | D:1      | Reached skill level 1 in Dodging
  1026 | D:2      | Noticed Robin
  1026 | D:2      | Found a faded altar of an unknown god.
  1297 | D:1      | Killed Robin
  1314 | D:2      | Reached XP level 4. HP: 39/39 MP: 3/3
  1802 | D:2      | Found a shimmering altar of Xom.
  1885 | D:2      | Reached XP level 5. HP: 40/46 MP: 4/4
  2526 | D:3      | Reached skill level 4 in Fighting
  2620 | D:3      | Noticed a phantom
  2647 | D:3      | HP: 1/46 [phantom (3)]
  2650 | D:3      | Slain by a phantom

Illustrated notes

Levels and vault maps discovered:
D:1:      tarquinn_simple_flora_water_e, layout_loops_ring, lemuel_flame_loot_1
D:2:      layout_loops_ring, basic_altar, basic_ecumenical_altar,
          minmay_misc_feat_tiny, minmay_surrounded, uniq_robin
D:3:      layout_loops_ring

Skill      XL: |  1  2  3  4  5 |
---------------+----------------+-----
Maces & Flails | 2 |  2.5
Shields        | 3 |  3.8
Dodging        | 1 |  1.5
Armour         | 3 |  3.1
Fighting       | 4 |  4.0

Action                   |  1- 3 |  4- 6 || total
-------------------------+-------+-------++-------
Melee: Flail             |   137 |   119 ||   256
  Use: Potion            |       |     1 ||     1
Armor: Scale mail        |    71 |    42 ||   113
Dodge: Dodged            |    72 |    45 ||   117
Block: Buckler           |    31 |    22 ||    53

Table legend: (Time is in decaauts)
 A = Elapsed time spent in this place.
 B = Non-inter-level travel time spent in this place.
 C = Inter-level travel time spent in this place.
 D = Time resting spent in this place.
 E = Time spent auto-exploring this place.
 F = Levels seen in this place.
 G = Mean time per level.
                   A        B        C        D        E       F      G
               +--------+--------+--------+--------+--------+-----+--------+
         Total |   2738 |   2714 |     24 |    521 |   1615 |   3 |  912.7 |
       Dungeon |   2738 |   2714 |     24 |    521 |   1615 |   3 |  912.7 |
               +--------+--------+--------+--------+--------+-----+--------+

Top non-repeatable levels by time:
     D:1: 1346 daAuts
     D:2: 975 daAuts
     D:3: 416 daAuts
